 Dungeon Crawl Stone Soup version 0.29.1-2-gbd0b4ee654 (webtiles) character file.

Game seed: 7922096736099611425

94 LustLizard the Shooter (level 4, 0/49 HPs)
             Began as a Spriggan Hunter on Nov 30, 2022.
             Succumbed to an adder's poison
             ... on level 3 of the Dungeon.
             The game lasted 00:03:11 (1721 turns).

LustLizard the Shooter (Spriggan Hunter)            Turns: 1721, Time: 00:03:12

Health: 0/49       AC: 22    Str:  7    XL:     4   Next: 38%
Magic:  14/14      EV:  4    Int: 10    God:
Gold:   37         SH:  0    Dex: 20    Spells: 3/3 levels left

rFire   . . .      SeeInvis +   a - +0 shortbow
rCold   . . .      Faith    .   (shield currently unavailable)
rNeg    . . .      Spirit   .   (body armour currently unavailable)
rPois   +          Reflect  .   (helmet currently unavailable)
rElec   .          Harm     .   (cloak currently unavailable)
rCorr   .          Rampage  .   (gloves unavailable)
Will    .....      NoTele   +   (boots unavailable)
Stlth   ..........              g - amulet of the acrobat
HPRegen 0.16/turn               q - ring of magical power
MPRegen 0.14/turn               (no ring)

@: berserking, lethally poisoned (0 -> -2), tree-form, attractive, hasted, very
quick
A: stationary, stasis, torment immunity, boosted hp, very small, no large
weapons, unfitting armour, see invisible, (speed 3)
a: no special abilities


You were on level 3 of the Dungeon.
You were a tree.
You visited 1 branch of the dungeon, and saw 3 of its levels.

You collected 37 gold pieces.

Inventory:

Hand Weapons
 a - a +0 shortbow (weapon)
Armour
 c - a +0 robe (melded)
 j - a +0 buckler
Jewellery
 g - an amulet of the acrobat (around neck)
 o - an amulet of reflection
 q - a ring of magical power (left branch)
Wands
 p - a wand of flame (8)
Scrolls
 b - a scroll of immolation
 d - 3 scrolls of identify
 i - a scroll of poison {unknown}
 r - a scroll of fog {unknown}
 s - a scroll of teleportation {unknown}
Potions
 f - 2 potions of degeneration
 m - a potion of mutation {unknown}
 n - a potion of curing {unknown}


   Skills:
 - Level 1.5 Fighting
 * Level 5.3 Ranged Weapons
 - Level 2.6 Dodging
 + Level 4.0 Stealth


You had 3 spell levels left.
You didn't know any spells.
Your spell library was empty.

Dungeon Overview and Level Annotations

Branches:
Dungeon (3/15)

Altars:


Innate Abilities, Weirdness & Mutations

You are a tree.
Your roots penetrate the ground, keeping you stationary.
You cannot be teleported.
You are immune to unholy pain and torment.
Your maximum health is greatly increased.
Your equipment is partially melded.
You are very small and have problems with some larger weapons.
You are too small for most types of armour.
You have supernaturally acute eyesight. (SInv)
((You cover ground extremely quickly. (Speed+++)))


Message History

You feel sick.
* * * LOW HITPOINT WARNING * * *
You feel sick.
* * * LOW HITPOINT WARNING * * *
You feel sick.
It was a potion of attraction.
You feel attractive to monsters.
* * * LOW HITPOINT WARNING * * *
You feel sick. The goblin is attracted toward you.
It was a potion of lignification.
You turn into a tree.
Your +0 robe melds into your body.
Your roots penetrate the ground.
* * * LOW HITPOINT WARNING * * *
You feel sick.
The adder bites you but does no damage. x2
It was a potion of haste.
You feel yourself speed up.
* * * LOW HITPOINT WARNING * * *
You feel sick. The goblin hits you but does no damage.
The adder bites you but does no damage.
Okay, then.
It was a potion of berserk rage.
A red film seems to cover your vision as you go berserk!
You feel yourself moving faster!
You feel mighty!
You feel sick. The goblin barely misses you. The adder bites you.
* * * LOW HITPOINT WARNING * * *
You are too berserk!
Really attack while wielding your +0 shortbow? [Y]es or [N]o only, please.
Really attack while wielding your +0 shortbow?
Okay, then.
You are too berserk!
Unknown command.
Really attack while wielding your +0 shortbow?
You completely miss the adder.
The adder is heavily wounded.
* * * LOW HITPOINT WARNING * * *
You feel sick. The goblin hits you with a +0 dagger.
* * * LOW HITPOINT WARNING * * *
The adder bites you but does no damage.
You closely miss the adder.
The adder is heavily wounded.
You die...

#...#.....).#.#
##...#..>.##.#.#
#...##<......#.#
##...##.#...###.#
##...###.#.#.###.#
##...##
#..<..##... #...##
#.####....# ##...#
#.......♣.. #..♣##
######.♣..# #.gS#
#....# #...#
###### ##..#
#........#
##########


You could see an adder and a goblin.

Vanquished Creatures
  4 adders
  2 worms (D:2)
  2 dart slugs
  An orc (D:2)
  6 endoplasms
  5 goblins
  6 hobgoblins
  2 quokkas
  4 ball pythons
  3 bats
  3 frilled lizards
  5 kobolds
  3 rats
46 creatures vanquished.

Notes
Turn   | Place    | Note
-------+----------+-------------------------------------------
     0 | D:1      | LustLizard the Spriggan Hunter began the quest for the Orb.
     0 | D:1      | Reached XP level 1. HP: 10/10 MP: 2/2
   100 | D:1      | You fall into a shaft and drop 1 floor!
   136 | D:2      | Reached XP level 2. HP: 10/14 MP: 3/3
   439 | D:1      | Reached XP level 3. HP: 13/18 MP: 4/4
  1071 | D:2      | Reached skill level 5 in Ranged Weapons
  1230 | D:2      | Reached XP level 4. HP: 22/22 MP: 5/5
  1720 | D:3      | HP: 1/49 [goblin/+0 dagger (2)]
  1721 | D:3      | Succumbed to an adder's poison

Illustrated notes

Levels and vault maps discovered:
D:1:      lightli_iron_boxes, layout_rooms
D:2:      layout_basic
D:3:      layout_basic, nicolae_overflow_ecumenical_swirl, chequers_mini_garden,
          eino_curves_02

Skill      XL: |  1  2  3  4 |
---------------+-------------+-----
Stealth        | 2 3 4 |  4.0
Ranged Weapons | 5 |  5.3
Fighting       | |  1.5
Dodging        | |  2.6

Action                   |  1- 3 |  4- 6 || total
-------------------------+-------+-------++-------
Melee: Shortbow          |       |     2 ||     2
 Fire: Shortbow          |    93 |    21 ||   114
  Use: Scroll            |     1 |       ||     1
       Potion            |       |     4 ||     4
Armor: Robe              |     4 |     1 ||     5
       Skin              |       |     5 ||     5
Dodge: Dodged            |    30 |    10 ||    40
